 Dungeon Crawl Stone Soup version 0.28.0-47-ge53b351184 (webtiles) character file.

Game seed: 1920437675845493807

2116 Bruhh the Thaumaturge (level 9, -5/60 HPs)
             Began as a Djinni Cinder Acolyte on Apr 28, 2022.
             Was a High Priest of Ignis.
             Slain by an unseen horror (8 damage)
             ... on level 6 of the Dungeon.
             The game lasted 00:12:50 (11535 turns).

Bruhh the Thaumaturge (Djinni Cinder Acolyte)      Turns: 11535, Time: 00:12:51

Health: -5/60      AC:  2    Str: 13    XL:     9   Next: 54%
Gold:   281        EV: 11    Int: 20    God:    Ignis [*****.] SH:  0 Dex:  9

rFire   + + +      SeeInvis .   i - +2 short sword (venom)
rCold   x x .      Faith    .   (no shield)
rNeg    . . .      Spirit   .   b - +0 robe
rPois   ∞          Reflect  .   (no helmet)
rElec   .          Harm     .   (no cloak)
rCorr   .          Rampage  .   (no gloves)
Will    .....                   (boots unavailable)
Stlth   +.........              (no amulet)
HPRegen 0.20/turn               h - ring of fire
MPRegen 0.00/turn               (no ring)

@: flying
A: sickness immunity, fire resistance 2, cold vulnerability 1, float, innate
caster, HP casting, extra vitality 1
a: Renounce Religion, Fiery Armour, Foxfire Swarm, Rising Flame


You were on level 6 of the Dungeon.
You worshipped Ignis.
Ignis was extremely pleased with you.
You visited 1 branch of the dungeon, and saw 6 of its levels.

You collected 281 gold pieces.

Inventory:

Hand Weapons
 a - a -1 falchion of flaming
 i - a +2 short sword of venom (weapon)
Armour
 b - a +0 robe (worn)
Jewellery
 h - a ring of fire (left hand)
Wands
 l - a wand of polymorph (12)
Scrolls
 d - 5 scrolls of identify {unknown}
 k - 3 scrolls of noise {unknown}
 m - a scroll of blinking {unknown}
 n - a scroll of teleportation {unknown}
 o - a scroll of acquirement {unknown}
 p - a scroll of holy word {unknown}
 q - a scroll of immolation {unknown}
Potions
 c - 2 potions of curing {unknown}
 e - 2 potions of haste {unknown}
 f - 3 potions of heal wounds
 g - a potion of degeneration {unknown}
 j - 3 potions of brilliance {unknown}
 r - a potion of cancellation {unknown}


   Skills:
 - Level 3.0 Fighting
 - Level 2.6 Long Blades
 + Level 9.6 Spellcasting


You had 16 spell levels left.
You knew the following spells:

 Your Spells              Type           Power      Damage    Failure   Level
a - Scorch                Fire           100%       2d10      1%          2
b - Animate Skeleton      Necr           96%        N/A       1%          1
c - Blink                 Tloc           96%        N/A       1%          2
d - Ensorcelled Hibernat  Hex/Ice        96%        N/A       1%          2
e - Animate Armour        Summ/Erth      96%        N/A       1%          4
Your spell library was empty.

Dungeon Overview and Level Annotations

Branches:
Dungeon (6/15)             Temple (0/1) D:6

Altars:
Yredelemnul

Shops:
D:1 *   D:4 !

Annotations:
D:4 3 runed translucent doors, 101zpm's ghost, amateur DDAM; 101zpm's ghost, amateur DjIE; Name63's ghost, amateur FeTm; Sheol's ghost, weakling MiFi; zorge82's ghost, amateur HOFi
D:6 3 runed translucent doors, Sheol's ghost, novice MiFi


Innate Abilities, Weirdness & Mutations

You are immune to sickness and miasma.
You are immune to poison.
Your flesh is very heat resistant. (rF++)
You are vulnerable to cold. (rC-)
You float through the air rather than walking.
You learn spells naturally, not from books.
Your magical power is your life essence.
You have superior vitality. (+4 MHP)


Message History

Found 5 javelins.
The white imp shouts!
The white imp shouts, "Back with thee, thou churlish doghearted harpy!"
The white imp grinds its teeth. x2
You see here a +0 long sword.
A howler monkey comes into view.
Found 17 gold pieces.
There is a stone staircase leading down here.
A howler monkey is nearby!
A howler monkey is nearby!
A howler monkey is nearby!
A howler monkey is nearby!
You feel a surge of power!
Flames lash the howler monkey.
The howler monkey howls!
The howler monkey is moderately wounded.
The howler monkey's fire resistance burns away.
Something hits you.
Deactivating autopickup; reactivate with Ctrl-A.
You feel a surge of power!
Flames lash something.
Something hits you. The howler monkey closely misses you.
You feel a surge of power!
Flames lash the howler monkey.
The howler monkey is burned terribly!
You kill the howler monkey!
Something hits you. Something hits you!
There is a strange disturbance nearby!
There is a strange disturbance nearby!
There is a strange disturbance nearby!
Something hits you.
You barely miss something. Something hits you! Something hits you.
* * * LOW HITPOINT WARNING * * *
Something hits you.
* * * LOW HITPOINT WARNING * * *
Something hits you.
* * * LOW HITPOINT WARNING * * *
Something hits you!
* * * LOW HITPOINT WARNING * * *
You barely miss something. Something hits you!
You die...

#.##.......###..#.....##
#..###...###...##....##
##...#####...####.####
###...........##.#
##.........÷.<#.#
#...............#
#......)........#
#..)............# ###
#...........@..## ....
#...^.>........# .....
##............###......
#.............>.......
##..############†......
#..## #...... #..#
...... #### ..... ....$


There were no monsters in sight!

Vanquished Creatures
  Eustachio (D:4)
  3 yaks
  An orc warrior (D:5)
  A sky beast (D:6)
  A black bear (D:6)
  A necrophage (D:4)
  An ogre (D:6)
  A scorpion (D:5)
  2 water moccasin zombies (D:5)
  A water moccasin skeleton (D:4)
  A howler monkey (D:6)
  4 hounds
  3 jellies
  An orc priest (D:4)
  A gnoll shaman (D:6)
  Jessica (D:2)
  Natasha (thrice) (D:1)
  4 iguanas
  6 orc wizards
  Robin (D:3)
  5 gnolls (D:6)
  7 adders
  An ufetubus (D:5)
  An adder zombie (D:5)
  An adder skeleton (D:4)
  2 worms
  3 dart slugs
  9 orcs
  3 endoplasms
  7 giant cockroaches
  10 goblins
  8 hobgoblins
  5 jackals (D:1)
  6 quokkas
  6 ball pythons
  4 bats
  2 frilled lizards
  4 kobolds
  7 rats
  A spectral orc (D:5)
130 creatures vanquished.

Notes
Turn   | Place    | Note
-------+----------+-------------------------------------------
     0 | D:1      | Bruhh the Djinni Cinder Acolyte began the quest for the
                  | Orb.
     0 | D:1      | Reached XP level 1. HP: 20/20 MP: 0/0
   351 | D:1      | Found a faded altar of an unknown god.
   411 | D:1      | Reached XP level 2. HP: 8/25 MP: 0/0
  1223 | D:1      | Reached skill level 3 in Spellcasting
  1389 | D:1      | Found Uzeot's Assorted Antiques.
  1605 | D:2      | Noticed Natasha
  1614 | D:1      | Killed Natasha
  1615 | D:1      | Reached XP level 3. HP: 7/30 MP: 0/0
  1615 | D:1      | Learned a level 1 spell: Animate Skeleton
  1626 | D:1      | Noticed Natasha
  1632 | D:1      | Killed Natasha
  1633 | D:1      | Reached XP level 4. HP: 5/35 MP: 0/0
  1867 | D:1      | Noticed Natasha
  1872 | D:1      | Killed Natasha
  1873 | D:1      | Reached skill level 4 in Spellcasting
  1884 | D:2      | Reached XP level 5. HP: 12/40 MP: 0/0
  1884 | D:2      | Learned a level 2 spell: Blink
  2560 | D:2      | Noticed Jessica
  2567 | D:2      | Killed Jessica
  3067 | D:3      | Noticed Robin
  3324 | D:3      | Killed Robin
  3325 | D:3      | Reached XP level 6. HP: 22/46 MP: 0/0
  3937 | D:3      | You are sucked into a shaft and drop 1 floor!
  3937 | D:4      | Noticed Eustachio
  4038 | D:4      | Reached skill level 5 in Spellcasting
  4634 | D:4      | Reached XP level 7. HP: 46/50 MP: 0/0
  4634 | D:4      | Learned a level 2 spell: Ensorcelled Hibernation
  6091 | D:4      | Killed Eustachio
  6092 | D:4      | Reached skill level 6 in Spellcasting
  6400 | D:4      | Found a runed translucent gate.
  6400 | D:4      | Found a runed translucent gate.
  6400 | D:4      | Found a runed translucent gate.
  6400 | D:4      | Noticed 101zpm's ghost (amateur DjIE)
  6400 | D:4      | Noticed zorge82's ghost (amateur HOFi)
  6400 | D:4      | Noticed Name63's ghost (amateur FeTm)
  6401 | D:4      | Noticed 101zpm's ghost (amateur DDAM)
  6401 | D:4      | Noticed Sheol's ghost (weakling MiFi)
  6676 | D:4      | Found Huit's Distillery.
  6759 | D:5      | Entered Level 5 of the Dungeon
  6766 | D:5      | Reached XP level 8. HP: 50/56 MP: 0/0
  6862 | D:5      | Reached skill level 7 in Spellcasting
  7037 | D:5      | Found a basalt altar of Yredelemnul.
  8100 | D:6      | Noticed a yak
  8101 | D:6      | Noticed a yak
  8109 | D:6      | Noticed a yak
  8110 | D:6      | Killed a yak
  8111 | D:6      | Reached skill level 8 in Spellcasting
  8115 | D:5      | Killed a yak
  8320 | D:6      | Killed a yak
  8321 | D:6      | Reached XP level 9. HP: 27/60 MP: 0/0
  8321 | D:6      | Learned a level 4 spell: Animate Armour
 10523 | D:5      | HP: 2/60 [orc warrior/stone (8)]
 10529 | D:5      | HP: 1/60 [orc warrior/stone (3)]
 10833 | D:5      | Reached skill level 9 in Spellcasting
 11416 | D:6      | Found a runed translucent gate.
 11416 | D:6      | Found a runed translucent gate.
 11416 | D:6      | Found a runed translucent gate.
 11426 | D:6      | Found a staircase to the Ecumenical Temple.
 11488 | D:6      | Noticed Sheol's ghost (novice MiFi)
 11534 | D:6      | HP: 3/60 [something (10)]
 11535 | D:6      | Slain by an unseen horror

Illustrated notes

Levels and vault maps discovered:
D:1:      nzn_arrival_crosshair, layout_loops_corners,
          hellmonk_ecumenical_altar_dog_temple, serial_shops,
          nicolae_shop_competitors_out_of_business, minmay_misc_feat_encased
D:2:      layout_loops_cross, minmay_pentomino_x2, uniq_natasha, uniq_jessica
D:3:      layout_rooms, kennysheep_nondescript, uniq_robin
D:4:      layout_cave_pools, gammafunk_ghost_cemetery, serial_shops,
          nicolae_lakefront_shop, grunt_decor_junction, uniq_eustachio
D:5:      layout_basic, yredelemnul_forgotten_temple_becter,
          gup_sewer_entry_pipe
D:6:      layout_rooms, minmay_temple_entry_purple_smoke, gammafunk_ghost_icy

Skill      XL: |  1  2  3  4  5  6  7  8  9 |
---------------+----------------------------+-----
Spellcasting   | 3 4 5 6 8 9 |  9.6
Fighting       | |  3.0
Long Blades    | |  2.6

Action                   |  1- 3 |  4- 6 |  7- 9 || total
-------------------------+-------+-------+-------++-------
Melee: Falchion          |    34 |     2 |       ||    36
       Short sword       |       |     1 |    38 ||    39
 Cast: Scorch            |    15 |    70 |   119 ||   204
       Animate Skeleton  |       |     2 |       ||     2
       Animate Armour    |       |       |     1 ||     1
Armor: Robe              |    22 |     6 |    16 ||    44
Dodge: Dodged            |    40 |    23 |    61 ||   124
